 Dungeon Crawl Stone Soup version 0.26-b1-32-g5d43845318 (webtiles) character file.

Game seed: 14396823742488690518

99747 Borgoz the Basher (level 16, 0/103 HPs)
             Began as a Gargoyle Gladiator on Jan 10, 2021.
             Killed from afar by a starcursed mass (4 damage)
             ... with an accursed screaming
             ... on level 1 of the Abyss.
             The game lasted 00:55:48 (26540 turns).

Borgoz the Basher (Gargoyle Gladiator)             Turns: 26540, Time: 00:55:49

Health: 0/103      AC: 27    Str: 22    XL:     16   Next: 25%
Magic:  22/22      EV: 24    Int: 10    God:
Gold:   2118       SH: 11    Dex: 22    Spells: 18/23 levels left

rFire    . . .     SeeInvis +   a - +0 flail (drain)
rCold    . . .     Faith    .   s - +0 buckler
rNeg     + . .     Spirit   .   v - +3 troll leather armour
rPois    ∞         Reflect  +   d - +1 hat
rElec    +         Harm     .   x - +0 cloak
rCorr    .         Rampage  .   K - +0 pair of gloves "Pore" {rElec rPois Str+3}
Will     +....                  F - +1 pair of boots
Stlth    ++........             b - amulet of reflection
HPRegen  0.00/turn              p - ring of see invisible
MPRegen  0.18/turn              y - +6 ring of dexterity

@: no status effects
A: big wings, negative energy resistance 1, electricity resistance, inhibited
regeneration, unbreathing, petrification resistance, miasma immunity, AC +12
a: Fly


You were on level 1 of the Abyss.
You visited 4 branches of the dungeon, and saw 24 of its levels.
You visited the Abyss 1 time.
You also visited: Sewer, Ossuary and Gauntlet.

You collected 2802 gold pieces.
You spent 684 gold pieces at shops.

Inventory:

Hand Weapons
 a - a +0 flail of draining (weapon)
Missiles
 u - a throwing net (quivered)
Armour
 d - a +1 hat (worn)
 n - a +0 buckler of poison resistance
 s - a +0 buckler (worn)
 v - a +3 troll leather armour (worn)
 x - a +0 cloak (worn)
 F - a +1 pair of boots (worn)
 I - a +1 scale mail of cold resistance
 K - the +0 pair of gloves "Pore" (worn) {rElec rPois Str+3}
   (You found it on level 11 of the Dungeon)

   It affects your strength (+3).
   It insulates you from electricity.
   It protects you from poison.
Jewellery
 b - an amulet of reflection (around neck)
 h - a +4 ring of protection
 p - a ring of see invisible (left hand)
 y - a +6 ring of dexterity (right hand)
 A - the ring of Uskayaw's Favour {rC+ Stlth-}
   (You found it on level 4 of the Lair of Beasts)

   [ring of attention]

   It protects you from cold.
   It makes you less stealthy.
 J - an uncursed ring of resist corrosion
Wands
 f - a wand of acid (21)
 i - a wand of flame (27)
 q - a wand of disintegration (34)
 t - a wand of iceblast (18)
 w - a wand of paralysis (20)
Scrolls
 c - a scroll of holy word
 g - 11 scrolls of teleportation
 j - 6 scrolls of blinking
 k - a scroll of identify
 m - 2 scrolls of brand weapon
 o - 15 scrolls of remove curse
 E - 2 scrolls of summoning
 H - 3 scrolls of fear
 L - 6 scrolls of magic mapping
Potions
 e - 17 potions of curing
 l - 2 potions of heal wounds
 r - 5 potions of haste
 z - 6 potions of cancellation


   Skills:
 + Level 12.4 Fighting
 + Level 14.9 Maces & Flails
 - Level 1.7 Throwing
 + Level 12.1 Armour
 * Level 13.4 Dodging
 + Level 1.4 Stealth
 - Level 5.0 Shields
 + Level 4.0 Spellcasting
 + Level 1.1 Hexes
 + Level 4.0 Translocations
 - Level 5.0 Evocations


You had 18 spell levels left.
You knew the following spells:

 Your Spells              Type           Power        Failure   Level
a - Blink                 Tloc           N/A          9%          2
b - Confusing Touch       Hex            4%           45%         3

Your spell library contained the following spells:

 Spells                   Type           Power        Failure   Level
 Gell's Gravitas          Tloc           5%           16%         3
 Slow                     Hex            4%           26%         2
 Animate Skeleton         Necr           4%           28%         1
 Foxfire                  Conj/Fire      8%           28%         1
 Freeze                   Ice            8%           28%         1
 Magic Dart               Conj           8%           28%         1
 Pain                     Necr           8%           28%         1
 Shock                    Conj/Air       8%           28%         1
 Call Imp                 Summ           2%           38%         2
 Searing Ray              Conj           4%           38%         2
 Swiftness                Air            2%           38%         2
 Dazzling Flash           Conj/Hex       6%           54%         3
 Inner Flame              Hex/Fire       3%           54%         3
 Conjure Flame            Conj/Fire      2%           63%         3
 Frozen Ramparts          Ice            4%           63%         3
 Mephitic Cloud           Conj/Pois/Air  2%           63%         3
 Ozocubu's Armour         Ice            2%           63%         3
 Static Discharge         Conj/Air       2%           63%         3
 Vampiric Draining        Necr           1%           63%         3
 Iskenderun's Mystic Bla  Conj/Tloc      6%           77%         4
 Cause Fear               Hex            2%           86%         4
 Fulminant Prism          Conj/Hex       1%           91%         4
 Leda's Liquefaction      Hex/Erth       1%           91%         4
 Airstrike                Air            1%           95%         4
 Animate Dead             Necr           1%           95%         4
 Hailstorm                Conj/Ice       2%           95%         4
 Petrify                  Tmut/Erth      2%           95%         4
 Sticky Flame             Conj/Fire      2%           95%         4
 Summon Ice Beast         Ice/Summ       2%           95%         4
 Summon Lightning Spire   Summ/Air       2%           95%         4
 Metabolic Englaciation   Hex/Ice        1%           99%         5
 Silence                  Hex/Air        1%           99%         5
 Yara's Violent Unravell  Hex/Tmut       1%           99%         5
 Agony                    Necr           2%           100%        5
 Bolt of Magma            Conj/Fire/Erth 1%           100%        5
 Fireball                 Conj/Fire      1%           100%        5
 Lightning Bolt           Conj/Air       1%           100%        5
 Conjure Ball Lightning   Conj/Air       1%           100%        6
 Iron Shot                Conj/Erth      1%           100%        6
 Dragon Form              Tmut           1%           100%        7
 Chain Lightning          Conj/Air       1%           100%        8
 Lehudib's Crystal Spear  Conj/Erth      1%           100%        8
 Absolute Zero            Ice            1%           100%        9
 Dragon's Call            Summ           1%           100%        9
 Fire Storm               Conj/Fire      1%           100%        9
 Shatter                  Erth           1%           100%        9
 Tornado                  Air            1%           100%        9
 Statue Form              Tmut/Erth      Unusable     N/A         6

Dungeon Overview and Level Annotations

Branches:
Dungeon (15/15) Temple (1/1) D:4 Lair (6/6) D:9 Swamp (0/4) Lair:4 Spider (0/4) Lair:2 Slime (0/5) Lair:5 Orc (2/2) D:10 Elf (0/3) Orc:2 Vaults (0/5) D:13 D:14 Depths (0/5) D:15 Sewer (visited) Ossuary (visited) Gauntlet (visited)

Altars:
Ashenzari
Cheibriados
Dithmenos
Elyvilon
Fedhas
Gozag
Hepliaklqana
Kikubaaqudgha
Makhleb
Nemelex Xobeh
Okawaru
Qazlal
Ru
Sif Muna
Trog
Uskayaw
Vehumet
Wu Jian
Xom
Yredelemnul
Zin
The Shining One

Shops:
D:5 :   D:9 :   D:10 }*

Annotations:
Orc:1 Erolcha


Innate Abilities, Weirdness & Mutations

You are resistant to torment.
Your stone body is resilient. (AC +12)
You are immune to poison.
Your large and strong wings let you fly indefinitely.
You resist negative energy. (rN+)
You are resistant to electric shocks. (rElec)
You can survive without breathing.
You are immune to petrification.
You are immune to miasma.
You do not regenerate when monsters are visible.


Message History

The starcursed mass shudders and is absorbed by its neighbour.
You block the starcursed mass's attack.
The golden dragon skeleton closely misses you.
The golden dragon skeleton claws you but does no damage.
The golden dragon skeleton barely misses you.
A chorus of shrieks assaults your mind.
* * * LOW HITPOINT WARNING * * *
You hit the starcursed mass but do no damage.
A starcursed mass splits.
You hit the starcursed mass.
The starcursed mass is moderately damaged.
The starcursed mass shudders and is absorbed by its neighbour.
The golden dragon skeleton bites you but does no damage.
The golden dragon skeleton claws you but does no damage.
The golden dragon skeleton barely misses you.
You hit the starcursed mass.
The starcursed mass is lightly damaged.
The starcursed mass shudders and is absorbed by its neighbour.
A chorus of shrieks assaults your mind.
You die...

#. ##.. #.. .
...#.... . ..
.... ...
##..#....
#....## #.. .
# # # . ##.##
. .. #....#.
#..##.. . . .
#..##. ...
....
#.@#.......
#..#
#.X.XZ.......
...
#..X...#....
. ......#.#
.. #. #
###....### .
......
#.##..# #.
#...


You could see 3 starcursed masses and a golden dragon skeleton.

Vanquished Creatures
  Rupert (D:13)
  A minotaur (Gauntlet)
  A dire elephant (Gauntlet)
  An ettin (Orc:2)
  4 boulder beetles
  The ghost of Borgoz the Basher, a journeyman GrGl (D:11)
  2 fire dragons (D:15)
  4 hydras
  An ice dragon (D:14)
  Fannar (Lair:3)
  6 centaur warriors
  5 two-headed ogres
  2 tengu warriors
  A thrashing horror (Abyss:1)
  Sonja (D:11)
  Urug (D:13)
  A wizard (D:14)
  A sixfirhy (D:12)
  3 unseen horrors
  Pikel (D:4)
  3 orc knights
  2 oklob plants (Lair:2)
  An ugly thing (D:9)
  An orc sorcerer (Orc:2)
  A deep elf mage (D:14)
  2 cyclopes
  5 manticores
  A worldbinder (Gauntlet)
  5 black mambas
  14 elephants
  Maurice (Orc:2)
  A centaur zombie (D:13)
  3 gargoyles
  13 cane toads
  2 guardian serpents (D:14)
  An efreet (D:13)
  8 komodo dragons
  3 kobold demonologists (D:12)
  A tengu conjurer (D:15)
  3 rime drakes
  An ice devil (Gauntlet)
  2 jumping spiders (Lair:2)
  5 hornets
  5 polar bears
  6 trolls
  6 slime creatures
  11 dream sheep (Lair:6)
  26 blink frogs
  2 small abominations (Abyss:1)
  14 spriggans (Lair:6)
  3 shadows
  2 redbacks (Lair:2)
  12 wraiths
  4 wyverns
  A vampire (D:10)
  59 yaks
  16 humans
  Eustachio (D:6)
  A steam dragon (Lair:5)
  8 basilisks
  A neqoxec (Abyss:1)
  Menkaure (D:4)
  11 two-headed ogre zombies (Orc:1)
  4 wargs
  A soldier ant (D:12)
  An acid dragon (D:15)
  Duvessa (D:4)
  13 water moccasins
  A hornet zombie (D:14)
  23 orc warriors
  4 ice beasts
  9 black bears
  2 sky beasts
  5 boggarts (Lair:6)
  A phantom (D:11)
  3 necrophages (D:8)
  46 wolves
  13 ogres
  9 centaurs
  13 big kobolds
  3 gnoll sergeants (D:10)
  20 bullfrogs
  Dowan (D:4)
  2 water moccasin zombies (Ossuary)
  3 scorpions
  30 wights
  8 electric eels
  2 howler monkeys
  3 quasits
  7 hounds
  4 starcursed masses (Abyss:1)
  2 bullfrog zombies
  6 jellies
  12 orc priests
  Crazy Yiuf (D:3)
  5 bullfrog skeletons
  3 centaur skeletons
  An iguana (D:11)
  Natasha (D:4)
  23 orc wizards
  8 worker ants
  5 hell rats (Lair:4)
  A killer bee zombie (D:5)
  3 big kobold zombies (Ossuary)
  A hound zombie (D:8)
  2 hound skeletons
  3 mummies
  A worker ant zombie (D:8)
  10 gnolls
  20 adders
  5 shadow imps
  4 white imps (Gauntlet)
  2 oozes
  5 adder zombies
  2 adder skeletons
  5 worms
  6 leopard geckos
  70 orcs
  5 giant cockroaches
  2 gnoll zombies (Ossuary)
  8 goblins
  8 hobgoblins
  10 jackals
  7 quokkas
  7 bats
  6 frilled lizards
  4 hobgoblin zombies (Ossuary)
  63 kobolds
  3 kobold zombies (Ossuary)
  3 orc zombies (Ossuary)
  14 rats
887 creatures vanquished.

Vanquished Creatures (others)
  An orc warrior (Orc:2)
  A human (D:3)
  A boggart (Gauntlet)
  A bullfrog (Lair:4)
  A hell rat (Lair:4)
  2 kobolds (D:13)
  A bush (Lair:6)
  A fire vortex (Lair:4)
  76 fungi
  98 plants
  A withered plant (D:8)
184 creatures vanquished.

Grand Total: 1071 creatures vanquished

Notes
Turn   | Place    | Note
-------+----------+-------------------------------------------
     0 | D:1      | Borgoz the Gargoyle Gladiator began the quest for the Orb.
     0 | D:1      | Reached XP level 1. HP: 12/12 MP: 1/1
   138 | D:1      | Reached XP level 2. HP: 13/18 MP: 2/2
   665 | D:1      | Found a snail-covered altar of Cheibriados.
   782 | D:1      | Reached XP level 3. HP: 22/22 MP: 3/3
  1323 | D:2      | Reached skill level 1 in Armour
  1323 | D:2      | Reached XP level 4. HP: 17/27 MP: 4/4
  1647 | D:2      | Found a hide-covered altar of Uskayaw.
  1811 | D:3      | Reached skill level 4 in Maces & Flails
  1811 | D:3      | Reached XP level 5. HP: 30/32 MP: 5/5
  2001 | D:3      | Reached skill level 1 in Shields
  2048 | D:3      | Reached XP level 6. HP: 19/37 MP: 6/6
  2071 | D:3      | Found a glowing drain.
  2103 | Sewer    | Entered a sewer
  2319 | Sewer    | Found a white marble altar of Elyvilon.
  2740 | D:3      | Found an ancient bone altar of Kikubaaqudgha.
  2741 | D:3      | Noticed a human
  2746 | D:3      | Killed a human
  2831 | D:3      | Found a runed translucent door.
  2832 | D:3      | Noticed Crazy Yiuf
  2917 | D:3      | Killed Crazy Yiuf
  3456 | D:4      | Reached XP level 7. HP: 40/42 MP: 7/7
  3522 | D:4      | Noticed Pikel
  3553 | D:4      | Killed Pikel
  3554 | D:4      | Reached skill level 5 in Maces & Flails
  3554 | D:4      | Reached XP level 8. HP: 19/48 MP: 8/8
  3794 | D:4      | Found a shimmering blue altar of Sif Muna.
  3795 | D:4      | Found a shadowy altar of Dithmenos.
  3795 | D:4      | Found a sparkling altar of Nemelex Xobeh.
  3797 | D:4      | Found an ancient bone altar of Kikubaaqudgha.
  3968 | D:4      | Noticed Menkaure
  3979 | D:4      | Killed Menkaure
  4166 | D:4      | Noticed Duvessa
  4167 | D:4      | Noticed Dowan
  4177 | D:4      | Killed Duvessa
  4178 | D:4      | Reached skill level 6 in Maces & Flails
  4178 | D:4      | Reached skill level 5 in Dodging
  4189 | D:4      | Killed Dowan
  4416 | D:4      | Found a stormy altar of Qazlal.
  4418 | D:4      | Noticed an air elemental
  4418 | D:4      | Noticed a water elemental
  4514 | D:4      | Got a glimmering war axe
  4515 | D:4      | Identified the +5 war axe "Woyskecu" {vorpal, Str+3 Int+4}
                  | (You found it on level 4 of the Dungeon)
  4560 | D:4      | Noticed Natasha
  4564 | D:4      | Killed Natasha
  4616 | D:4      | Found a staircase to the Ecumenical Temple.
  4798 | Temple   | Entered the Ecumenical Temple
  5101 | D:5      | Entered Level 5 of the Dungeon
  5207 | D:5      | Found a sand-covered staircase.
  5214 | Ossuary  | Entered an ossuary
  5238 | Ossuary  | Reached skill level 5 in Fighting
  5589 | D:5      | Reached XP level 9. HP: 45/54 MP: 9/9
  5636 | D:5      | Found Juphit's Book Shop.
  6134 | D:6      | Found a shimmering altar of Xom.
  6222 | D:6      | You fall into a shaft and drop 2 floors!
  6240 | D:8      | Reached skill level 7 in Maces & Flails
  6366 | D:8      | Found a glowing silver altar of Zin.
  6469 | D:8      | Reached skill level 5 in Armour
  6940 | D:6      | Found a basalt altar of Yredelemnul.
  6978 | D:6      | Reached skill level 5 in Shields
  7262 | D:6      | Noticed Eustachio
  7268 | D:6      | Reached skill level 8 in Maces & Flails
  7273 | D:6      | Reached XP level 10. HP: 60/60 MP: 10/10
  7284 | D:6      | Killed Eustachio
  8379 | D:8      | Found a glowing golden altar of the Shining One.
  8619 | D:9      | Noticed a two-headed ogre
  8628 | D:9      | Killed a two-headed ogre
  8775 | D:9      | Found a blossoming altar of Fedhas.
  8856 | D:9      | Found a bloodstained altar of Trog.
  8873 | D:9      | Found Fompecema's Book Shop.
  8877 | D:9      | Noticed a cyan ugly thing
  8889 | D:9      | Killed a cyan ugly thing
  8890 | D:9      | Reached skill level 9 in Maces & Flails
  9250 | D:9      | Found a staircase to the Lair.
  9667 | D:9      | Reached XP level 11. HP: 67/67 MP: 11/11
 10013 | D:10     | Entered Level 10 of the Dungeon
 10076 | D:10     | Found a shimmering altar of Xom.
 10100 | D:10     | Found Eludu's Gadget Shop.
 10356 | D:10     | Found Libribru's Assorted Antiques.
 10362 | D:10     | Bought a coppery potion for 29 gold pieces
 10362 | D:10     | Bought a metallic pink potion for 29 gold pieces
 10362 | D:10     | Bought a small marble ring for 165 gold pieces
 10362 | D:10     | Bought a scroll of identify for 66 gold pieces
 10362 | D:10     | Bought a scroll of magic mapping for 115 gold pieces
 10519 | D:10     | Reached skill level 10 in Maces & Flails
 10844 | D:10     | Found a staircase to the Orcish Mines.
 11304 | D:11     | Got a pair of pitted gloves
 11315 | D:11     | Identified the +0 pair of gloves "Pore" {rElec rPois Str+3}
                  | (You found it on level 11 of the Dungeon)
 11344 | D:11     | Noticed a two-headed ogre
 11352 | D:11     | Killed a two-headed ogre
 11353 | D:11     | Noticed a boulder beetle
 11418 | D:11     | Killed a boulder beetle
 11457 | D:11     | Noticed a boulder beetle
 11479 | D:11     | Killed a boulder beetle
 11588 | D:11     | Noticed Sonja
 11627 | D:11     | Killed Sonja
 11628 | D:11     | Reached XP level 12. HP: 75/75 MP: 12/12
 11667 | D:11     | Reached skill level 11 in Maces & Flails
 11873 | D:11     | Found a runed translucent gate.
 11873 | D:11     | Found a runed translucent gate.
 11873 | D:11     | Found a runed translucent gate.
 11878 | D:11     | Noticed Borgoz's ghost (journeyman GrGl)
 12252 | D:11     | Killed Borgoz's ghost
 12635 | D:12     | Reached skill level 10 in Dodging
 12823 | D:12     | Found a runed translucent door.
 13268 | D:13     | Noticed a boulder beetle
 13425 | D:13     | Killed a boulder beetle
 13426 | D:13     | Reached skill level 12 in Maces & Flails
 13467 | D:13     | You fall into a shaft and drop 2 floors!
 13467 | D:15     | Entered Level 15 of the Dungeon
 13499 | D:15     | Found a gate leading to a gauntlet.
 13517 | Gauntlet | Entered a Gauntlet
 13517 | Gauntlet | Found a transporter.
 13523 | Gauntlet | Found a runed translucent door.
 13527 | Gauntlet | Found a transporter.
 13537 | Gauntlet | Found a transporter.
 13539 | Gauntlet | Found a transporter.
 13540 | Gauntlet | Noticed a dire elephant
 13548 | Gauntlet | Found a transporter.
 13567 | Gauntlet | Found a transporter.
 13571 | Gauntlet | Noticed a great orb of eyes
 13576 | Gauntlet | Found a transporter.
 13608 | Gauntlet | Noticed a hell beast
 13610 | Gauntlet | Found a transporter.
 13625 | Gauntlet | Found a transporter.
 13632 | Gauntlet | Noticed a death ooze
 13640 | Gauntlet | Found a transporter.
 13641 | Gauntlet | Found a transporter.
 13649 | Gauntlet | Found a transporter.
 13687 | Gauntlet | Found a transporter.
 13704 | Gauntlet | Noticed a boulder beetle
 13711 | Gauntlet | Found a transporter.
 13728 | Gauntlet | Noticed an entropy weaver
 13728 | Gauntlet | a boulder beetle changed into an entropy weaver
 13729 | Gauntlet | Noticed a minotaur
 13729 | Gauntlet | an entropy weaver changed into a minotaur
 13737 | Gauntlet | Noticed an anaconda
 13737 | Gauntlet | a swamp worm changed into an anaconda
 13740 | Gauntlet | Noticed a boulder beetle
 13740 | Gauntlet | an anaconda changed into a boulder beetle
 13902 | Gauntlet | Noticed a frost giant
 13902 | Gauntlet | Noticed an iron troll
 13902 | Gauntlet | a frost giant changed into an iron troll
 13903 | Gauntlet | Noticed a fire giant
 13903 | Gauntlet | an iron troll changed into a fire giant
 13904 | Gauntlet | Noticed a shadow dragon
 13907 | Gauntlet | Noticed an eleionoma
 13907 | Gauntlet | a fire giant changed into an eleionoma
 13911 | Gauntlet | Noticed a frost giant
 13911 | Gauntlet | an eleionoma changed into a frost giant
 13916 | Gauntlet | Noticed an iron troll
 13916 | Gauntlet | a frost giant changed into an iron troll
 13917 | Gauntlet | Noticed a fenstrider witch
 13917 | Gauntlet | a shadow dragon changed into a fenstrider witch
 13918 | Gauntlet | Noticed a fire giant
 13918 | Gauntlet | an iron troll changed into a fire giant
 13921 | Gauntlet | Noticed an alligator snapping turtle
 13921 | Gauntlet | a fire giant changed into an alligator snapping turtle
 13923 | Gauntlet | Noticed a shadow dragon
 13923 | Gauntlet | an alligator snapping turtle changed into a shadow dragon
 13926 | Gauntlet | Noticed a frost giant
 13926 | Gauntlet | a shadow dragon changed into a frost giant
 13933 | Gauntlet | Noticed a fenstrider witch
 13933 | Gauntlet | a frost giant changed into a fenstrider witch
 13937 | Gauntlet | Noticed a quicksilver dragon
 13937 | Gauntlet | a fenstrider witch changed into a quicksilver dragon
 13940 | Gauntlet | Noticed a stone giant
 13940 | Gauntlet | a fenstrider witch changed into a stone giant
 13941 | Gauntlet | Noticed a quicksilver dragon
 13941 | Gauntlet | a stone giant changed into a quicksilver dragon
 13942 | Gauntlet | Killed a dire elephant
 13949 | Gauntlet | Noticed an alligator snapping turtle
 13949 | Gauntlet | a quicksilver dragon changed into an alligator snapping
                  | turtle
 13951 | Gauntlet | Reached XP level 13. HP: 80/82 MP: 13/13
 13961 | Gauntlet | Noticed a quicksilver dragon
 13961 | Gauntlet | an alligator snapping turtle changed into a quicksilver
                  | dragon
 13968 | Gauntlet | Got a pair of faintly glowing boots
 13979 | Gauntlet | Identified the +1 pair of boots of Bofacud {rN+ Dex-4
                  | Slay+2} (You found it in a Gauntlet)
 13991 | Gauntlet | Noticed an azure jelly
 14002 | Gauntlet | Identified the +3 fustibalus of Honesty {vorpal, +Fly rPois
                  | Str-5 Int+2 SInv}
 14002 | Gauntlet | Identified the ring "Geuda" {Ice *Corrode rN++ Str-3 Int+3}
 14002 | Gauntlet | Noticed a minotaur
 14003 | Gauntlet | Found the ring of Shadows {Umbra +Inv Stlth+}
 14036 | Gauntlet | Killed a minotaur
 14086 | D:15     | Reached skill level 10 in Fighting
 14757 | D:14     | Reached skill level 13 in Maces & Flails
 14757 | D:14     | Reached skill level 10 in Armour
 14895 | D:13     | Noticed Urug
 14945 | D:13     | Killed Urug
 14946 | D:13     | Reached skill level 1 in Evocations
 15264 | D:13     | Gained mutation: Your large and strong wings let you fly
                  | indefinitely. [Gargoyle growth]
 15264 | D:13     | Reached XP level 14. HP: 88/88 MP: 14/14
 15741 | D:14     | Found a gate to the Vaults.
 15741 | D:14     | Noticed Rupert
 15890 | D:13     | Killed Rupert
 17018 | D:15     | Reached skill level 14 in Maces & Flails
 17019 | D:15     | Found a staircase to the Depths.
 17332 | Lair:1   | Entered Level 1 of the Lair of Beasts
 17719 | Lair:1   | Found a white marble altar of Elyvilon.
 17886 | Lair:1   | Learned a level 2 spell: Blink
 18799 | Lair:2   | Found a hole to the Spider Nest.
 19256 | Lair:2   | Found an ancient bone altar of Kikubaaqudgha.
 20017 | Lair:2   | Reached XP level 15. HP: 95/95 MP: 15/15
 20426 | Lair:3   | Noticed Fannar
 20440 | Lair:3   | Killed Fannar
 21340 | Lair:4   | Reached skill level 1 in Translocations
 21348 | Lair:4   | Reached skill level 1 in Spellcasting
 21466 | Lair:4   | Found a staircase to the Swamp.
 21697 | Lair:4   | You fall into a shaft and drop 2 floors!
 21697 | Lair:6   | Entered Level 6 of the Lair of Beasts
 22022 | Lair:6   | Found a sparkling altar of Nemelex Xobeh.
 22115 | Lair:6   | Reached skill level 5 in Evocations
 23046 | Lair:5   | Found a staircase to the Slime Pits.
 23385 | Lair:5   | Reached XP level 16. HP: 97/102 MP: 21/21
 23723 | Lair:4   | Got a twitching iron ring
 23725 | Lair:4   | Identified the ring of Uskayaw's Favour {rC+ Stlth-} (You
                  | found it on level 4 of the Lair of Beasts)
 25015 | Orc:1    | Entered Level 1 of the Orcish Mines
 25310 | D:5      | Bought a book of Misfortune for 280 gold pieces
 25314 | D:5      | Learned a level 3 spell: Confusing Touch
 25659 | Orc:2    | Entered Level 2 of the Orcish Mines
 25691 | Orc:2    | Paralysed by an orc sorcerer for 6 turns
 25855 | Orc:2    | Found a radiant altar of Vehumet.
 25855 | Orc:2    | Found a staircase to the Elven Halls.
 25895 | Orc:2    | Noticed Maurice
 25907 | Orc:2    | Paralysed by something for 4 turns
 25923 | Orc:2    | Killed Maurice
 25974 | Orc:1    | Reached skill level 1 in Stealth
 26175 | Orc:1    | Reached skill level 1 in Hexes
 26357 | Orc:1    | Noticed Erolcha
 26371 | Orc:1    | Cast into level 1 of the Abyss (Erolcha)
 26510 | Abyss:1  | Gained mutation: You do not regenerate when monsters are
                  | visible. [a neqoxec]
 26520 | Abyss:1  | Paralysed by accursed screaming for 1 turns
 26537 | Abyss:1  | HP: 4/103 [starcursed mass/accursed screaming (11)]
 26540 | Abyss:1  | Killed from afar by a starcursed mass

Illustrated notes

Levels and vault maps discovered:
D:1:      minmay_arrival_shattered_statue, layout_loops_corners,
          cheibriados_altar_1
D:2:      layout_loops_ring, overflow_temple_1_default, minivault_27,
          chequers_serial_rivers_small_a
D:3:      layout_basic, gup_sewer_entry_bubbles, tgw_kikubaaqudgha,
          uniq_crazy_yiuf_cottage
D:4:      layout_cave_pods, nicolae_qazlal_style_of_elements,
          chequers_temple_overflow_statue_of_worship,
          minmay_temple_entry_proselytizer, minmay_a_box_with_orc_wizards_in_it,
          uniq_menkaure, uniq_pikel, uniq_duvessa, uniq_natasha
D:5:      layout_basic, nicolae_ossuary_entry_false_entrances, serial_shops,
          shop_fountains
D:6:      minmay_goblin_kobold_castle, layout_loops_ring, xom_teletrap_fun,
          overflow_temple_1_default, uniq_eustachio
D:7:      layout_gridville
D:8:      layout_basic, lemuel_doored_altar, kennysheep_little_box,
          serial_undead, serial_undead_b, serial_undead_e, serial_undead_c,
          serial_undead_e, serial_undead_b, st_stairs_14, grunt_decor_fettered,
          grunt_decor_arrowhead
D:9:      layout_basic, bloody_trog, fedhas_ov_isle_minmay, lair_entry_dummy,
          serial_shops, nicolae_shop_stone, minmay_pinched_square
D:10:     layout_irregular_city, kennysheep_orc_monster_closet_entryway,
          serial_shops, shop, shop, basic_altar, water_boxes_lemuel
D:11:     layout_long_grid, gammafunk_ghost_spectres, uniq_sonja
D:12:     cheibrodos_shockbox, layout_stronghold
D:13:     layout_rooms, minmay_starry_boxes, uniq_urug
D:14:     nrook_guardian_serpent_snake_passage, layout_rooms, david_vaults_3,
          corexii_corridor_pit
D:15:     grunt_enter_depths_hoard, layout_gridville, gauntlet_entry_generic
Temple:   dpeg_chambers_temple
Lair:1:   minmay_lair_venomous_thicket, layout_layer_cave, basic_altar
Lair:2:   layout_long_grid, nicolae_spider_entry_tight_spaces, basic_altar,
          chequers_serial_rivers_small_3, minmay_lair_oklob_chamber,
          infiniplex_staircase_pool
Lair:3:   layout_layer_cave, uniq_fannar
Lair:4:   layout_gridlike, swamp_mist
Lair:5:   layout_loops_ring, minmay_slime_entry_pillars
Lair:6:   minmay_lair_end_enchanted_forest, layout_regular_city, basic_altar
Orc:1:    lemuel_ogre_cave, layout_caves, serial_shops,
          nicolae_shop_temple_entry_statues_fountains
Orc:2:    st_orc_elflike, layout_diamond_mine, serial_shops,
          nicolae_shop_crystal, basic_altar, uniq_maurice
Abyss:1:  base:
Lair:5

Skill      XL: |  1  2  3  4  5  6  7  8  9 10 11 12 13 14 15 16 |
---------------+-------------------------------------------------+-----
Armour         | 1 2 3 4 5 6 8 9 10 11 12 | 12.1
Dodging        | 3 4 5 6 8 9 10 11 12 13 | 13.4
Fighting       | 3 4 5 6 7 8 9 10 11 12 | 12.4
Maces & Flails | 4 5 6 8 9 10 12 13 14 | 14.9
Shields        | 1 2 3 5 |  5.0
Evocations     | 1 4 5 |  5.0
Translocations | 3 4 |  4.0
Spellcasting   | 3 4 |  4.0
Stealth        | 1 |  1.4
Hexes          | 1 |  1.1
Throwing       | |  1.7

Action                   |  1- 3 |  4- 6 |  7- 9 | 10-12 | 13-15 | 16-18 || total
-------------------------+-------+-------+-------+-------+-------+-------++-------
Melee: Flail             |    94 |   266 |    99 |   154 |  2155 |   577 ||  3345
       War axe           |       |       |   209 |   675 |   101 |       ||   985
Throw: Throwing net      |       |       |       |     3 |     1 |       ||     4
  Use: Scroll            |       |     5 |       |    18 |    10 |     1 ||    34
       Potion            |       |     1 |       |     9 |    13 |       ||    23
 Stab: Sleeping          |     1 |       |       |     1 |       |     1 ||     3
       Held in net/web   |       |       |       |     5 |       |       ||     5
       Invisible         |       |       |       |    15 |     9 |       ||    24
Armor: Leather armour    |     5 |       |       |       |       |       ||     5
       Ring mail         |    27 |   124 |       |       |       |       ||   151
       Chain mail        |       |    31 |   211 |   111 |       |       ||   353
       Scale mail        |       |       |       |    87 |       |       ||    87
       Troll leather arm |       |       |       |   151 |   671 |   159 ||   981
Dodge: Dodged            |    64 |   176 |   182 |   655 |  2024 |   415 ||  3516
Block: Buckler           |       |    63 |    80 |   231 |  1242 |   356 ||  1972
       Reflection        |       |       |       |       |     5 |     3 ||     8
